Map: Eternal Empire LE

Players

Bombs

  • Race: Terran Terran
  • Spawn Location: 1:00

A.I. 2 (Elite) - Winner!

  • Race: Zerg Zerg
  • Spawn Location: 7:00

VOD

Have the link to the VOD?

Description

Time

  • Played on: July 12, 2020, 10:41 a.m.
  • Length: 12:00
Show
View Real Time Build Order
Export as new Build Order

Bombs Terran 

Build Orders: Gas First Reaper Expand, Hellion Banshee, Mech 

Get SALT Encoding   

  12  0:00  SCV  
  13  0:13  SCV  
  14  0:17  Supply Depot  
  14  0:25  SCV  
  14  0:27  Refinery  
  15  0:39  SCV  
  16  0:45  Barracks  
  16  0:51  SCV  
  17  1:03  SCV  
  18  1:15  SCV  
  19  1:33  Orbital Command, Reaper  
  20  1:44  Command Center  
  20  1:55  Factory  
  20  1:59  SCV  
  21  2:06  Barracks Reactor  
  21  2:09  Supply Depot  
  21  2:14  SCV  
  22  2:19  Refinery  
  22  2:26  SCV  
  23  2:38  SCV  
  23  2:42  Starport  
  24  2:47  Refinery  
  24  2:50  SCV, Hellion x2  
  29  2:53  Barracks Tech Lab  
  29  3:00  Orbital Command  
  29  3:02  SCV  
  30  3:14  SCV  
  30  3:17  Hellion x2  
  35  3:27  SCV x2  
  36  3:28  Supply Depot  
  36  3:33  Banshee  
  40  3:39  SCV  
  40  3:40  SCV  
  42  3:46  Armory  
  42  3:51  SCV  
  42  3:52  SCV  
  42  3:55  Hellion  
  48  3:56  Hellion  
  48  4:01  Supply Depot  
  48  4:03  SCV  
  48  4:04  SCV  
  50  4:15  SCV  
  50  4:17  SCV  
  52  4:18  Hellion  
  52  4:22  Hellion, Banshee  
  59  4:25  Supply Depot  
  59  4:27  SCV  
  59  4:29  SCV  
  61  4:32  Supply Depot  
  61  4:39  SCV  
  62  4:46  SCV, Hellion  
  62  4:47  Hellion  
  62  4:51  SCV  
  68  4:58  SCV  
  65  5:03  SCV  
  65  5:06  Banshee  
  69  5:08  Terran Vehicle Weapons Level 1, Command Center  
  69  5:10  SCV, Supply Depot  
  70  5:15  SCV  
  71  5:23  SCV, Refinery x2  
  71  5:27  Factory  
  71  5:28  SCV, Factory  
  69  5:34  Hellion x2  
  69  5:35  SCV  
  70  5:37  Supply Depot  
  70  5:40  SCV  
  71  5:47  SCV  
  72  5:52  SCV  
  72  5:55  Hellion  
  72  5:56  Hellion  
  77  5:59  SCV  
  79  6:04  SCV  
  79  6:11  SCV, Starport Reactor  
  80  6:16  SCV  
  81  6:20  Hellion x2  
  81  6:21  Factory Tech Lab  
  81  6:23  SCV  
  81  6:25  Factory  
  87  6:26  Factory  
  87  6:28  SCV  
  87  6:29  Orbital Command  
  87  6:35  SCV  
  94  6:40  SCV  
  94  6:42  Siege Tank, Refinery x2  
  94  6:43  Siege Tank  
  85  6:47  SCV  
  85  6:51  Hellbat x2  
  85  6:52  SCV  
  88  6:55  Engineering Bay  
  88  6:56  Armory  
  88  6:59  SCV x2  
  90  7:04  SCV  
  91  7:09  Factory Tech Lab  
  91  7:11  SCV x2, Factory Reactor  
  93  7:16  SCV  
  93  7:19  Siege Tank x2, Supply Depot x2  
  93  7:20  Hellbat x2  
  104  7:23  SCV x2  
  104  7:29  SCV, Supply Depot  
  109  7:33  Supply Depot  
  109  7:34  Supply Depot  
  109  7:35  SCV  
  109  7:36  SCV  
  109  7:37  Terran Vehicle Weapons Level 2  
  109  7:38  Siege Tank  
  112  7:45  Hellbat, Hellion  
  112  7:51  Hellbat x2, Siege Tank x2  
  126  7:52  Command Center  
  126  8:09  Supply Depot x2  
  126  8:10  Siege Tank  
  129  8:16  Terran Vehicle And Ship Armor Level 1, Command Center  
  129  8:23  Siege Tank x2  
  129  8:25  Infernal Pre-Igniter, Smart Servos  
  135  8:27  Hellbat x2  
  135  8:28  Hellbat  
  141  8:43  Siege Tank  
  144  8:49  Hellbat, Hellion  
  144  8:50  Hellbat x2  
  144  8:55  Siege Tank x2  
  158  9:06  Command Center  
  158  9:15  Siege Tank  
  161  9:17  Hellbat  
  161  9:18  Hellbat x2  
  161  9:19  Supply Depot  
  161  9:21  Supply Depot  
  167  9:27  Hellbat, Siege Tank  
  172  9:33  Unknown  
  172  9:35  Planetary Fortress  
  172  9:36  Hellion x5  
  172  9:42  Siege Tank  
  172  9:43  Hellbat x2  
  179  9:57  Sensor Tower  
  179  10:01  Siege Tank, Sensor Tower  
  179  10:02  Hellbat x2, Siege Tank  
  189  10:13  Hellbat x2  
  196  10:14  Siege Tank  
  192  10:27  Hellbat x2  
  196  10:29  Orbital Command  
  196  10:32  Planetary Fortress  
  196  10:33  Siege Tank  
  196  10:34  Siege Tank  
  181  10:46  Siege Tank  
  181  10:47  Hellbat x2  
  181  10:48  Hellbat  
  186  10:57  Factory  
  186  10:58  Factory  
  186  11:00  Factory, Starport  
  186  11:01  Refinery, Starport  
  186  11:03  Refinery  
  176  11:56  Factory Tech Lab x3  
Show
View Real Time Build Order
Export as new Build Order

A.I. 2 (Elite) Zerg - Winner!

Build Orders: Pool First 

Get SALT Encoding   

  12  0:00  Drone  
  13  0:12  Overlord  
  13  0:17  Drone  
  14  0:30  Drone x2  
  16  0:42  Spawning Pool  
  15  0:44  Drone  
  15  0:49  Drone  
  17  1:12  Hatchery  
  17  1:13  Drone  
  17  1:17  Extractor  
  17  1:18  Drone  
  17  1:22  Drone  
  18  1:27  Drone  
  19  1:38  Overlord  
  19  1:48  Queen  
  19  1:49  Drone  
  22  1:59  Zergling x2  
  23  2:10  Drone  
  23  2:21  Drone  
  24  2:23  Drone, Queen  
  24  2:29  Roach Warren  
  26  2:31  Extractor  
  26  2:36  Drone  
  26  2:38  Drone  
  27  2:45  Overlord  
  27  2:49  Drone  
  28  2:53  Drone  
  28  2:55  Drone  
  30  2:59  Drone  
  30  3:03  Drone  
  32  3:06  Zergling x2  
  32  3:09  Zergling x2  
  34  3:14  Roach  
  34  3:18  Roach  
  38  3:22  Roach  
  38  3:27  Roach  
  42  3:28  Drone  
  42  3:30  Drone  
  44  3:36  Overlord  
  44  3:43  Lair  
  44  3:54  Drone x4  
  48  3:57  Drone  
  48  3:59  Drone  
  48  4:01  Drone  
  51  4:03  Drone  
  51  4:08  Overlord  
  52  4:26  Zergling x2, Drone x5  
  52  4:30  Zergling x4  
  52  4:31  Overlord  
  60  4:34  Overlord  
  60  4:43  Hydralisk Den, Drone  
  60  4:46  Drone, Infestation Pit  
  60  4:49  Roach x2  
  61  4:53  Spore Crawler  
  61  4:55  Spore Crawler  
  61  4:57  Queen  
  61  4:59  Zergling x2  
  56  5:01  Zergling x2  
  56  5:03  Roach, Overseer  
  52  5:07  Queen  
  52  5:10  Zergling x2  
  52  5:13  Roach  
  52  5:14  Drone  
  57  5:15  Drone  
  57  5:17  Drone  
  57  5:19  Zergling x2  
  57  5:21  Zergling x2  
  61  5:26  Zergling x2  
  62  5:31  Overlord  
  62  5:37  Roach x4  
  70  5:43  Overlord  
  70  5:46  Hive  
  70  5:47  Hydralisk  
  72  5:53  Hydralisk  
  74  5:58  Hydralisk  
  76  6:04  Drone  
  76  6:05  Hydralisk  
  76  6:06  Overlord, Drone  
  76  6:08  Infestor  
  82  6:19  Overlord  
  82  6:22  Overlord  
  82  6:25  Infestor  
  82  6:26  Drone, Evolution Chamber  
  82  6:27  Drone, Extractor  
  82  6:29  Drone  
  82  6:30  Extractor  
  84  6:34  Drone  
  84  6:35  Roach  
  84  6:36  Roach  
  88  6:42  Evolution Chamber  
  88  6:43  Drone, Zergling x4  
  88  6:45  Hydralisk  
  79  6:48  Drone  
  79  6:49  Drone  
  79  6:52  Hatchery  
  78  6:57  Hydralisk  
  78  7:00  Drone  
  81  7:03  Drone x2  
  81  7:05  Drone  
  81  7:06  Drone  
  85  7:12  Zerg Missile Weapons Level 1, Roach  
  87  7:20  Zerg Ground Armor Level 1  
  87  7:26  Ravager  
  87  7:29  Roach  
  90  7:36  Ravager  
  91  7:38  Roach  
  91  7:42  Hydralisk  
  95  7:47  Hydralisk  
  95  7:49  Spine Crawler  
  96  7:51  Spine Crawler  
  95  8:01  Infestor  
  95  8:04  Drone x2  
  95  8:05  Drone x6  
  103  8:06  Overlord, Drone x3  
  103  8:09  Drone x3  
  111  8:15  Drone x2  
  111  8:17  Extractor  
  111  8:18  Drone  
  113  8:25  Drone  
  113  8:26  Drone  
  115  8:28  Infestor  
  115  8:29  Overlord, Roach x2  
  121  8:36  Pathogen Glands, Drone  
  121  8:37  Zergling x2, Extractor  
  121  8:38  Drone, Roach  
  121  8:39  Drone  
  121  8:40  Drone  
  127  8:47  Drone  
  127  8:48  Overlord  
  128  8:51  Zergling x2  
  129  8:58  Zergling x8  
  129  8:59  Spore Crawler  
  129  9:00  Drone  
  129  9:01  Spore Crawler  
  129  9:02  Drone  
  133  9:06  Drone, Zergling x4  
  133  9:08  Overlord, Evolution Chamber  
  135  9:10  Zerg Melee Weapons Level 1  
  135  9:11  Drone  
  135  9:13  Drone  
  137  9:17  Metabolic Boost  
  137  9:26  Hatchery, Overlord  
  136  9:33  Neural Parasite  
  136  9:37  Zerg Missile Weapons Level 2  
  136  9:50  Spine Crawler  
  135  9:59  Queen  
  137  10:00  Hydralisk  
  137  10:03  Hydralisk  
  137  10:05  Spine Crawler  
  140  10:08  Spore Crawler  
  139  10:15  Spine Crawler  
  139  10:16  Zergling x2, Spine Crawler, Roach  
  139  10:17  Zergling x4  
  139  10:18  Zergling x4, Roach  
  139  10:19  Zergling x2  
  139  10:20  Hydralisk  
  139  10:21  Drone, Spine Crawler  
  141  10:28  Viper  
  141  10:29  Viper, Overlord  
  141  10:30  Lurker Den  
  141  10:31  Zergling x2, Hydralisk  
  141  10:32  Zergling x2, Overseer  
  141  10:33  Spire  
  141  10:34  Zergling x4, Drone  
  138  10:37  Roach  
  138  10:38  Drone, Roach  
  138  10:39  Drone x2  
  138  10:41  Roach  
  94  10:44  Hatchery  
  94  10:46  Ravager  
  84  10:50  Drone, Roach  
  84  10:52  Roach  
  84  10:54  Drone, Infestor  
  84  10:56  Roach  
  79  11:00  Drone  
  79  11:03  Drone  
  74  11:08  Hydralisk  
  70  11:13  Drone  
  70  11:15  Zergling x2  
Tags
 
Add a new tag
Caveats
  • Supply blocks, unpowered buildings, or Contaminate may cause inaccurate times.
  • Supply counts are checked every 10 seconds.